 Dungeon Crawl Stone Soup version 0.31-a0-208-gdb31a4691d (webtiles) character file.

Game seed: 210706443436505854

7906 nono the Covert (level 11, -3/85 (86) HPs)
             Began as a Vampire Fighter on June 28, 2023.
             Was a Believer of Okawaru.
             Slain by an orc warrior
             ... wielding the +10 dagger of the Vaults {holy, Dex+2}
              (10 damage)
             ... on level 9 of the Dungeon.
             The game lasted 00:26:29 (9038 turns).

nono the Covert (Vampire Fighter)                   Turns: 9038, Time: 00:26:30

HP:   -3/85 (86)    AC:  7    Str: 22    XL:     11   Next: 2%
MP:   13/13         EV: 18    Int:  8    God:    Okawaru [**....]
Gold: 549           SH:  7    Dex: 14    Spells: 10/10 levels left

rFire   . . .        F - +2 dagger (venom)
rCold   + . .        q - +2 buckler
rNeg    + . .        b - +0 scale mail
rPois   .            (no helmet)
rElec   .            (no cloak)
rCorr   .            m - +0 pair of gloves
SInv    +            (no boots)
Will    +....        w - amulet of Oken {Acrobat rC+ rN+ Str+3 Int-3}
Stlth   ++++         s - +5 ring of evasion
HPRegen 0.54/turn    (no ring)
MPRegen 0.13/turn

%: acrobat
@: healing quickly, lightly drained
A: alive, fangs 3, see invisible, vampiric 2
a: Exsanguinate, Renounce Religion, Heroism


You were on level 9 of the Dungeon.
You worshipped Okawaru.
Okawaru was pleased with you.
You visited 2 branches of the dungeon, and saw 10 of its levels.

You collected 549 gold pieces.

Inventory:

Hand Weapons
 a - a +0 long sword
 h - a +2 dagger of electrocution
 F - a +2 dagger of venom (weapon)
 J - a +3 falchion of freezing
 L - the +4 dagger of Articulation {flame, rN+ Will+ Str+3}
   (You took it off a kobold brigand on level 9 of the Dungeon)

   Str:       It affects your strength (+3).
   rN:        It protects you from negative energy.
   Will:      It increases your willpower.
Armour
 b - a +0 scale mail (worn)
 c - a +0 buckler
 m - a +0 pair of gloves (worn)
 q - a +2 buckler (worn)
 I - a +0 kite shield
Jewellery
 s - a +5 ring of evasion (left hand)
 w - the amulet of Oken (around neck) {Acrobat rC+ rN+ Str+3 Int-3}
   (You found it on level 4 of the Dungeon)

   [amulet of the acrobat]

   It increases your evasion while moving and waiting.
   Str:       It affects your strength (+3).
   Int:       It affects your intelligence (-3).
   rC:        It protects you from cold.
   rN:        It protects you from negative energy.
Wands
 A - a wand of charming (22)
 B - a wand of light (5)
 C - a wand of polymorph (10)
 D - a wand of digging (5)
Scrolls
 g - 7 scrolls of teleportation
 j - 2 scrolls of fear
 k - a scroll of amnesia {unknown}
 p - 2 scrolls of brand weapon {unknown}
 r - 3 scrolls of identify {unknown}
 t - a scroll of revelation {unknown}
 v - 2 scrolls of noise {unknown}
 y - a scroll of enchant armour {unknown}
 G - 2 scrolls of poison {unknown}
 H - a scroll of enchant weapon {unknown}
 K - a scroll of vulnerability {unknown}
Potions
 d - a potion of attraction {unknown}
 e - 2 potions of ambrosia {unknown}
 f - a potion of resistance {unknown}
 i - a potion of experience {unknown}
 l - 2 potions of berserk rage {unknown}
 n - a potion of mutation {unknown}
 o - 2 potions of lignification {unknown}
 u - 3 potions of heal wounds
 x - 2 potions of curing {unknown}
 z - 3 potions of enlightenment
 E - a potion of brilliance {unknown}


   Skills:
 * Level 8.1 Fighting
 * Level 8.5 Long Blades
 - Level 2.4 Armour
 * Level 9.1 Dodging
 + Level 12.1 Stealth
 * Level 4.0 Shields
 * Level 2.9 Invocations


You had 10 spell levels left.
You didn't know any spells.
Your spell library contained the following spells:

 Spells                   Type           Power      Damage    Failure   Level
 Apportation              Tloc           0%         N/A       80%         1
 Volatile Blastmotes      Fire/Tloc      0%         2d10      99%         3
 Fulminant Prism          Conj/Hex       0%         3d5       100%        4
 Iskenderun's Mystic Bla  Conj/Tloc      0%         2d3       100%        4
 Alistair's Intoxication  Tmut/Pois      0%         N/A       100%        5
 Freezing Cloud           Conj/Ice/Air   0%         6-21      100%        5
 Lee's Rapid Deconstruct  Erth           0%         3d4*      100%        5
 Ozocubu's Refrigeration  Ice            0%         4d7       100%        7
 Summon Ice Beast         Ice/Summ       Unusable   N/A       N/A         4

Dungeon Overview and Level Annotations

Branches:
Dungeon (9/15)             Temple (1/1) D:4
   Lair: D:8-11         Orc: D:9-12

Altars:
Ashenzari
Cheibriados
Dithmenos
Fedhas
Gozag
Hepliaklqana
Kikubaaqudgha
Makhleb
Nemelex Xobeh
Okawaru
Ru
Sif Muna
Trog
Uskayaw
Vehumet
Wu Jian
Xom
Yredelemnul

Shops:
D:6 :

Annotations:
D:7 1 runed translucent door, exclusion: door


Innate Abilities, Weirdness & Mutations

Your natural rate of healing is accelerated.
You have razor-sharp teeth.
You have supernaturally acute eyesight. (SInv)
You are afflicted with vampirism and can become a bat while bloodless.


Message History

The bullfrog is almost dead.
You kill the bullfrog!
Okawaru accepts your kill.
You barely miss the orc warrior.
The orc warrior hits you with the +10 dagger of the Vaults {holy, Dex+2}.
You convulse.
You hit the orc warrior but do no damage.
The orc warrior is poisoned.
You hit the orc warrior.
The orc warrior looks even sicker.
The orc warrior is lightly wounded.
The orc warrior hits you with the +10 dagger of the Vaults {holy, Dex+2}!
You convulse!
You completely miss the orc warrior. You bite the orc warrior.
The orc warrior is moderately wounded.
You block the orc warrior's attack.
You barely miss the orc warrior. Your bite misses the orc warrior.
The orc warrior is moderately wounded.
You block the orc warrior's attack.
You hit the orc warrior but do no damage.
The orc warrior looks as sick as possible!
You bite the orc warrior.
The orc warrior is heavily wounded.
You hit the orc warrior but do no damage.
The orc warrior is heavily wounded.
The orc warrior hits you with the +10 dagger of the Vaults {holy, Dex+2}!
You convulse.
You hit the orc warrior but do no damage.
The orc warrior is heavily wounded.
The orc warrior hits you with the +10 dagger of the Vaults {holy, Dex+2}.
* * * LOW HITPOINT WARNING * * *
You convulse.
* * * LOW HITPOINT WARNING * * *
You closely miss the orc warrior.
The orc warrior is severely wounded.
You block the orc warrior's attack.
The orc warrior attacks as you move away!
The orc warrior hits you with the +10 dagger of the Vaults {holy, Dex+2}!
* * * LOW HITPOINT WARNING * * *
You convulse!
You die...

..###.# #z #.. #..... .#
##z..# # #...# .###
#..#.# #.#..# ... ...#.#
#..<.# .. ..#.###...## #.
#.#.#..$..#
#.###z#...#.#.#
#..@oo....#.#..
######..#.#.### #(## # .
### #.# .o#### #.. #)# #
.o..Y# #.#####.##.# ##
##o######?#.#....o...#
##8
#Y........#.#.....######8
8..
#.#.#######)#..#).....##.
...


You could see an orc warrior (extremely poisoned), a wight and an orc.

Vanquished Creatures
  A two-headed ogre (D:9)
  Pikel (D:5)
  A hornet (D:9)
  Prince Ribbit (D:5)
  3 wyverns
  A wraith (D:9)
  9 yaks
  2 steam dragons (D:8)
  Duvessa (D:7)
  3 orc warriors
  2 ice beasts
  3 sky beasts
  A black bear (D:4)
  2 ogres
  3 centaurs
  2 phantoms
  7 kobold brigands
  Blork the orc (D:5)
  2 gnoll sergeants (D:8)
  4 bullfrogs
  3 scorpions
  4 wights (D:9)
  Dowan (D:7)
  2 killer bees
  A howler monkey (D:8)
  5 jellies
  8 orc priests
  2 hounds
  3 gnoll boudas
  A sleepcap (D:6)
  Jessica (D:3)
  3 iguanas
  Ijyb (D:5)
  6 orc wizards
  A scorpion zombie (D:3)
  2 hound skeletons (D:3)
  27 gnolls
  7 adders
  2 ufetubi
  An adder zombie (D:3)
  An adder skeleton (D:3)
  A worm (D:2)
  4 dart slugs
  42 orcs
  12 endoplasms
  3 giant cockroaches
  8 goblins
  6 hobgoblins
  2 jackals (D:1)
  5 quokkas
  8 ball pythons
  A ball python skeleton (D:3)
  8 bats
  6 frilled lizards (D:1)
  16 kobolds
  2 quokka skeletons (D:3)
  7 rats
263 creatures vanquished.

Vanquished Creatures (others)
  An orc wizard (D:6)
1 creature vanquished.

Grand Total: 264 creatures vanquished

Notes
Turn   | Place    | Note
-------+----------+-------------------------------------------
     0 | D:1      | nono the Vampire Fighter began the quest for the Orb.
     0 | D:1      | Reached XP level 1. HP: 17/17 MP: 1/1
    39 | D:1      | Reached skill level 1 in Stealth
    40 | D:1      | Reached XP level 2. HP: 4/18 MP: 2/2
    73 | D:1      | Reached skill level 1 in Dodging
   224 | D:1      | Found a faded altar of an unknown god.
   403 | D:1      | HP: 1/21 [goblin/+2 dagger of electrocution (4)]
   478 | D:1      | Reached skill level 2 in Stealth
   478 | D:1      | Gained mutation: You are afflicted with vampirism and can
                  | become a bat while bloodless. [Vampire growth]
   478 | D:1      | Reached XP level 3. HP: 26/26 MP: 3/3
  1441 | D:2      | Reached XP level 4. HP: 31/31 MP: 4/4
  1556 | D:2      | Reached skill level 3 in Stealth
  1993 | D:3      | Reached XP level 5. HP: 33/36 MP: 5/5
  2148 | D:3      | Noticed Jessica
  2155 | D:3      | Killed Jessica
  2245 | D:3      | Reached skill level 4 in Stealth
  2265 | D:3      | Found a radiant altar of Vehumet.
  2688 | D:4      | Noticed an ogre
  2697 | D:4      | HP: 2/42 [ogre/+0 giant club (20)]
  2814 | D:4      | Noticed an ice beast
  2816 | D:4      | Killed an ice beast
  2817 | D:4      | Reached XP level 6. HP: 48/48 MP: 6/6
  3012 | D:4      | Reached skill level 5 in Stealth
  3171 | D:4      | Reached XP level 7. HP: 52/54 MP: 7/7
  3318 | D:4      | Identified the amulet of Oken {Acrobat rC+ rN+ Str+3 Int-3}
  3519 | D:4      | Reached skill level 6 in Stealth
  3579 | D:4      | Found a bloodstained altar of Trog.
  3861 | D:4      | Found a staircase to the Ecumenical Temple.
  3867 | Temple   | Entered the Ecumenical Temple
  4031 | D:5      | Entered Level 5 of the Dungeon
  4226 | D:5      | Found a broken altar of Ashenzari.
  4447 | D:5      | Noticed Prince Ribbit
  4450 | D:5      | Noticed Blork the orc
  4474 | D:5      | Killed Blork the orc
  4479 | D:5      | Killed Prince Ribbit
  4480 | D:5      | Reached skill level 5 in Fighting
  4480 | D:5      | Reached skill level 5 in Long Blades
  4480 | D:5      | Reached skill level 5 in Dodging
  4480 | D:5      | Reached skill level 7 in Stealth
  4480 | D:5      | Reached XP level 8. HP: 15/62 MP: 8/8
  4504 | D:5      | Noticed Ijyb
  4616 | D:5      | Killed Ijyb
  4792 | D:5      | Noticed Pikel
  4823 | D:5      | Killed Pikel
  4824 | D:5      | Reached skill level 8 in Stealth
  5259 | D:6      | Reached XP level 9. HP: 65/69 MP: 9/9
  5263 | D:6      | Reached skill level 9 in Stealth
  5315 | D:6      | Found Ihits's Book Emporium.
  6033 | D:7      | Noticed Duvessa
  6033 | D:7      | Noticed Dowan
  6061 | D:7      | Killed Duvessa
  6062 | D:7      | Reached skill level 10 in Stealth
  6079 | D:7      | Killed Dowan
  6118 | D:7      | Got the Monograph on the Chill
  6211 | D:7      | Found a runed translucent door.
  6211 | D:7      | Noticed a sixfirhy
  6928 | D:8      | Reached skill level 11 in Stealth
  6946 | D:8      | Reached XP level 10. HP: 39/79 MP: 10/10
  7316 | D:8      | Found an iron altar of Okawaru.
  7324 | D:8      | Became a worshipper of Warmaster Okawaru
  8133 | D:8      | Reached * piety under Okawaru
  8134 | D:8      | Reached skill level 1 in Invocations
  8714 | D:9      | Found a hide-covered altar of Uskayaw.
  8720 | D:9      | Identified the +4 dagger of Articulation {flame, rN+ Will+
                  | Str+3}
  8728 | D:9      | Noticed a two-headed ogre
  8740 | D:9      | Reached skill level 12 in Stealth
  8783 | D:9      | Killed a two-headed ogre
  8783 | D:9      | Reached ** piety under Okawaru
  8958 | D:9      | Reached XP level 11. HP: 47/85 MP: 13/13
  8965 | D:9      | Identified the +10 dagger of the Vaults {holy, Dex+2}
  9038 | D:9      | Slain by an orc warrior

Illustrated notes

Levels and vault maps discovered:
D:1:      eino_arrival_water_star, layout_rooms, serial_rivers,
          chequers_serial_rivers_small_a, chequers_serial_rivers_room_a,
          chequers_serial_rivers_small_a, chequers_serial_rivers_room_a,
          chequers_serial_rivers_large_a, nicolae_ecumenical_snake_handling,
          kennysheep_another_room, hangedman_glass_teeth
D:2:      layout_loops_corners, hex_tiny
D:3:      layout_basic, nicolae_vehumet_altar_sigil, elyvilon_altar_3,
          serial_undead, serial_undead_c, serial_undead_f, serial_undead_d,
          serial_undead_d, uniq_jessica
D:4:      minmay_evil_eye, layout_basic, amethyst_overflow_temple_binary,
          minmay_temple_entry_fiery
D:5:      layout_cave_pods, ashenzari_altar_1, chequers_hall_statues_corner_a,
          uniq_blork_the_orc, uniq_pikel, uniq_ijyb, uniq_prince_ribbit1
D:6:      layout_basic, serial_shops, nicolae_shop_getting_attention,
          nicolae_elevator_lobby_asterisk
D:7:      cheibrodos_shockbox, layout_rooms, uniq_duvessa
D:8:      minmay_thick_lines, layout_cave_pools, lemuel_crystal_altar
D:9:      layout_basic, nicolae_overflow_hidden_temple, lair_entry_dummy,
          minmay_joined_circles
Temple:   nicolae_temple_superstar

Skill      XL: |  1  2  3  4  5  6  7  8  9 10 |
---------------+-------------------------------+-----
Stealth        | 1 2 3 4 5 7 8 11 12 | 12.1
Dodging        | 1 2 3 5 6 7 9 |  9.1
Fighting       | 3 4 5 7 8 |  8.1
Long Blades    | 3 4 5 6 7 8 |  8.5
Invocations    | 2 |  2.9
Shields        | 4 |  4.0
Armour         | |  2.4

Action                     |  1- 3 |  4- 6 |  7- 9 | 10-12 || total
---------------------------+-------+-------+-------+-------++-------
  Melee: Long sword        |    69 |       |       |       ||    69
         Bite              |    12 |    18 |    78 |    64 ||   172
         Dagger            |    61 |   173 |   590 |   344 ||  1168
         Falchion          |       |       |       |    35 ||    35
 Invoke: Heroism           |       |       |       |     3 ||     3
Ability: Exsanguinate      |     1 |       |       |       ||     1
         Revivify          |     1 |       |       |       ||     1
  Evoke: Wand              |       |       |       |     3 ||     3
    Use: Potion            |       |       |     1 |     1 ||     2
         Scroll            |       |       |     1 |     2 ||     3
   Stab: Sleeping          |       |     2 |     6 |     1 ||     9
         Distracted        |       |       |     3 |       ||     3
 Armour: Scale mail        |    67 |    38 |   109 |    33 ||   247
  Dodge: Dodged            |    48 |    57 |   394 |   238 ||   737
  Block: Buckler           |    26 |    38 |   148 |   106 ||   318

Table legend: (Time is in decaauts)
 A = Elapsed time spent in this place.
 B = Non-inter-level travel time spent in this place.
 C = Inter-level travel time spent in this place.
 D = Time resting spent in this place.
 E = Time spent auto-exploring this place.
 F = Levels seen in this place.
 G = Mean time per level.
                   A        B        C        D        E       F      G
               +--------+--------+--------+--------+--------+-----+--------+
         Total |   8879 |   8562 |    317 |    675 |   5569 |  10 |  887.9 |
       Dungeon |   8747 |   8447 |    300 |    675 |   5469 |   9 |  971.9 |
        Temple |    131 |    114 |     17 |      0 |    100 |   1 |  131.0 |
               +--------+--------+--------+--------+--------+-----+--------+

Top non-repeatable levels by time:
     D:8: 1358 daAuts
     D:5: 1096 daAuts
     D:3: 1048 daAuts
     D:4: 1005 daAuts
     D:1: 952 daAuts
     D:2: 921 daAuts
     D:7: 839 daAuts
     D:6: 816 daAuts
     D:9: 707 daAuts
  Temple: 131 daAuts
